 Dungeon Crawl Stone Soup version 0.31-a0-246-g8cbcc1cb85 (webtiles) character file.

Game seed: 11220976605065934280

37 qw the Shooter (level 3, -1/29 HPs)
             Began as a Minotaur Hexslinger on July 12, 2023.
             Slain by Robin
             ... wielding a +0 trident
              (7 damage)
             ... on level 2 of the Dungeon.
             The game lasted 00:00:21 (593 turns).

qw the Shooter (Minotaur Hexslinger)                 Turns: 593, Time: 00:00:21

Health: -1/29      AC:  3    Str: 18    XL:     3   Next: 23%
Magic:  3/3        EV: 12    Int: 10    God:
Gold:   13         SH:  0    Dex: 14    Spells: 3/4 levels left

rFire   . . .        Y - +1 sling
rCold   . . .        (no shield)
rNeg    . . .        d - +0 leather armour
rPois   .            (helmet restricted)
rElec   .            (no cloak)
rCorr   .            (no gloves)
SInv    .            (no boots)
Will    .....        (no amulet)
Stlth   +            g - +6 ring of strength
HPRegen 0.24/turn    (no ring)
MPRegen 0.08/turn

%: no passive effects
@: no status effects
A: horns 2, retaliatory headbutt
a: no special abilities


You were on level 2 of the Dungeon.
You visited 1 branch of the dungeon, and saw 2 of its levels.

You collected 13 gold pieces.


Innate Abilities, Weirdness & Mutations

You have a pair of horns on your head.
You reflexively headbutt those who attack you in melee.


   Skills:
 - Level 2.0 Fighting
 + Level 3.8 Ranged Weapons
 - Level 2.1 Dodging
 - Level 1.0 Spellcasting
 - Level 2.0 Hexes


You had 3 spell levels left.
You knew the following spells:

 Your Spells              Type           Power      Damage    Failure   Level
a - Slow                  Hex            16%        N/A       19%         1

Your spell library contained the following spells:

 Spells                   Type           Power      Damage    Failure   Level
 Inner Flame              Hex/Fire       2%         N/A       63%         3
 Portal Projectile        Hex/Tloc       4%         N/A       63%         3
 Cause Fear               Hex            2%         N/A       87%         4

Inventory:

Hand Weapons
 Y - a +1 sling (weapon)
Armour
 d - a +0 leather armour (worn)
Jewellery
 g - a +6 ring of strength (left hand)
Scrolls
 a - 2 scrolls of identify
Potions
 f - a potion of might {unknown}
 h - a potion of lignification {unknown}
 i - a potion of brilliance {unknown}

Dungeon Overview and Level Annotations

Branches:
Dungeon (2/15)

Altars:

Shops:
D:1 [!?

Annotations:
D:2 Robin


Message History

You shoot a sling bullet. The sling bullet hits the goblin!
You kill the goblin!
A goblin comes into view. It is wielding a +0 club.
You shoot a sling bullet. The sling bullet hits Robin.
Robin is lightly wounded.
Robin roars a battlecry!
The goblin goes into a battle-frenzy!
You shoot a sling bullet. The sling bullet barely misses Robin.
Robin roars a battlecry!
You shoot a sling bullet.
The sling bullet closely misses the goblin.
Robin roars a battlecry!
You hear a shout!
You shoot a sling bullet. The sling bullet hits the goblin.
The goblin is severely wounded.
Robin says, "Bow before me, strongest of all the hobgoblins!"
You shoot a sling bullet. The sling bullet misses the goblin.
The sling bullet barely misses Robin.
A hobgoblin comes into view.
The goblin hits you with a +0 club.
You shoot a sling bullet.
The sling bullet hits the goblin but does no damage.
The goblin is severely wounded.
Robin hits you from afar with a +0 trident.
The goblin barely misses you. You furiously retaliate!
You headbutt the goblin.
You kill the goblin!
You shoot a sling bullet. The sling bullet hits Robin.
Robin is moderately wounded.
Robin hits you from afar with a +0 trident!
You shoot a sling bullet. The sling bullet hits Robin.
Robin is heavily wounded.
A hobgoblin comes into view.
Robin hits you from afar with a +0 trident.
You shoot a sling bullet. The sling bullet hits Robin.
Robin is almost dead.
Robin closely misses you. Robin barely misses you.
You shoot a sling bullet. The sling bullet hits Robin.
Robin is almost dead.
Robin hits you from afar with a +0 trident!
You die...

###### . .....###
#####.. .......# ...g.).
..<....##########.g.....
................@)g.)...
......(##########)....).
.......# ###....
.......# .[. .......# .
########


You could see Robin and 2 hobgoblins.

Vanquished Creatures
  A dart slug (D:1)
  3 ball pythons (D:1)
  3 bats (D:1)
  3 endoplasms (D:1)
  3 giant cockroaches (D:1)
  2 hobgoblins
  3 quokkas
  2 frilled lizards (D:1)
  7 goblins
  3 kobolds
  A rat (D:1)
31 creatures vanquished.

Notes
Turn   | Place    | Note
-------+----------+-------------------------------------------
     0 | D:1      | qw the Minotaur Hexslinger began the quest for the Orb.
     0 | D:1      | Reached XP level 1. HP: 16/16 MP: 1/1
     0 | D:1      | 0 ||| qw: Version: 0.3-a-52-g30416fa
     0 | D:1      | 0 ||| qw: Game counter: 6519
     0 | D:1      | 0 ||| qw: Melee chars always use a shield: true
     0 | D:1      | 0 ||| qw: God list: Okawaru
     0 | D:1      | 0 ||| qw: Allow faded altars: false
     0 | D:1      | 0 ||| qw: Do Orc after clearing Dungeon:15 true
     0 | D:1      | 0 ||| qw: Do second Lair branch before Depths: true
     0 | D:1      | 0 ||| qw: Lair rune preference: random
     0 | D:1      | 0 ||| qw: Goals: Normal
     0 | D:1      | 0 ||| PLANNING D:1-11
   120 | D:1      | Found Gulainy's Distillery.
   123 | D:1      | Reached skill level 3 in Ranged Weapons
   127 | D:1      | Reached XP level 2. HP: 23/23 MP: 2/2
   163 | D:1      | 163 ||| SHOPLISTING potion of cancellation (80 gold, have
                  | 9).
   163 | D:1      | 163 ||| SHOPLISTING potion of curing (30 gold, have 9).
   163 | D:1      | 163 ||| SHOPLISTING potion of enlightenment (50 gold, have
                  | 9).
   163 | D:1      | 163 ||| SHOPLISTING potion of mutation (80 gold, have 9).
   163 | D:1      | 163 ||| SHOPLISTING potion of resistance (100 gold, have
                  | 9).
   193 | D:1      | Found Sydat's Antique Armour Boutique.
   211 | D:1      | 211 ||| SHOPLISTING ring mail (76 gold, have 9).
   211 | D:1      | 211 ||| SHOPLISTING shiny ring mail (133 gold, have 9).
   250 | D:1      | 250 ||| UPGRADING to +0 leather armour.
   291 | D:1      | 291 ||| DROPPING +0 robe.
   417 | D:1      | Found Jabya's Magic Scroll Shoppe.
   421 | D:1      | 421 ||| SHOPLISTING scroll of enchant armour (105 gold,
                  | have 13).
   421 | D:1      | 421 ||| SHOPLISTING scroll of identify (28 gold, have 13).
   421 | D:1      | 421 ||| SHOPLISTING scroll of teleportation (42 gold, have
                  | 13).
   523 | D:1      | 523 ||| UPGRADING to +6 ring of strength.
   524 | D:1      | 524 ||| READING 2 scrolls labelled DOEWAE VAOKH.
   525 | D:1      | 525 ||| DROPPING scroll of poison.
   557 | D:2      | Reached XP level 3. HP: 29/29 MP: 3/3
   582 | D:2      | Noticed Robin
   591 | D:2      | HP: 6/29 [Robin/+0 trident (6)]
   593 | D:2      | Slain by Robin

Levels and vault maps discovered:
D:1:      roderic_octagonal_star, layout_rooms, serial_shops, shop,
          nicolae_shop_back_alley_shop, shop, chequers_serial_rivers_small_b,
          chequers_jeans, serial_bayou_pond_b
D:2:      layout_basic, serial_shops, nicolae_shop_real_fake_doors,
          dreamdust_ecumenical_altar_hidden_monk_grotto, uniq_sigmund,
          uniq_robin

Skill      XL: |  1  2 |
---------------+-------+-----
Ranged Weapons | 3 |  3.8
Fighting       | 2 |  2.0
Dodging        | |  2.1
Spellcasting   | |  1.0
Hexes          | |  2.0

Action                     || total
---------------------------++-------
   Fire: Sling             ||    86
    Use: Scroll            ||     1
 Armour: Robe              ||     5
         Leather armour    ||     1
  Dodge: Dodged            ||    19

Table legend:
 A = Non-vault XP
 B = Vault XP
 C = Vault XP percentage of total XP
 D = Non-vault monster count
 E = Vault monster count
 F = Vault count percentage of total count
                 A         B        C        D         E       F
            +---------+---------+-------+---------+---------+-------
      Total |      41 |      13 |  24.1 |      24 |       7 |  22.6
            +---------+---------+-------+---------+---------+-------
        D:1 |      34 |       5 |  12.8 |      20 |       2 |   9.1
        D:2 |       7 |       8 |  53.3 |       4 |       5 |  55.6
            +---------+---------+-------+---------+---------+-------
